 Dungeon Crawl Stone Soup version 0.30-a0-381-g6ea064c7b4 (webtiles) character file.

Game seed: 8314464490105414200

99 Raultor the Changer (level 4, 0/28 HPs)
             Began as an Octopode Transmuter on Dec 1, 2022.
             Slain by an orc wizard
             ... wielding a +0 dagger
              (2 damage)
             ... on level 3 of the Dungeon.
             The game lasted 00:05:45 (1890 turns).

Raultor the Changer (Octopode Transmuter)           Turns: 1890, Time: 00:05:45

Health: 0/28       AC:  1    Str:  9    XL:     4   Next: 72%
Magic:  5/7        EV: 13    Int: 17    God:
Gold:   53         SH:  0    Dex: 12    Spells: 0/7 levels left

rFire   . . .      SeeInvis .      - Unarmed
rCold   + . .      Faith    .    (no shield)
rNeg    . . .      Spirit   .    (helmet currently unavailable)
rPois   .          Reflect  .    (no amulet)
rElec   .          Harm     .    (no ring)
rCorr   .          Rampage  .    (no ring)
Will    .....      Clarity  +    (no ring)
Stlth   ++........               (no ring)
HPRegen 0.24/turn                (no ring)
MPRegen 0.10/turn                (no ring)
                                 (no ring)
                                 (no ring)

@: appendages (expiring), wereblooded
A: tentacle spike 3, almost no armour, amphibious, 8 rings, camouflage 1,
gelatinous body 1, (nimble swimmer 1), tentacles, clarity, cold resistance 1,
evolution 1
a: End Transformation


You were on level 3 of the Dungeon.
One of your tentacles had grown a beastly spike.
You visited 1 branch of the dungeon, and saw 3 of its levels.

You collected 53 gold pieces.


Innate Abilities, Weirdness & Mutations

One of your tentacles has grown a beastly spike.
You cannot wear most types of armour.
You are amphibious.
You can wear up to eight rings at the same time.
Your skin changes colour to match your surroundings (Stealth+).
Your rubbery body absorbs attacks. (AC +1, EV +1)
((You are camouflaged when in or above water. (Stealth+)))
You have tentacles for arms and can constrict up to eight enemies at once.
You possess an exceptional clarity of mind.
Your flesh is cold resistant. (rC+)
You have hidden genetic potential.


   Skills:
 + Level 1.6 Fighting
 - Level 2.0 Dodging
 + Level 3.3 Unarmed Combat
 - Level 2.0 Spellcasting
 * Level 4.3 Transmutations


You couldn't memorise any spells.
You knew the following spells:

 Your Spells              Type           Power      Damage    Failure   Level
b - Beastly Appendage     Tmut           32%        N/A       3%          1
c - Ice Form              Ice/Tmut       9%         N/A       63%         4
w - Wereblood             Tmut           16%        N/A       4%          2

Your spell library contained the following spells:

 Spells                   Type           Power      Damage    Failure   Level
 Spider Form              Tmut/Pois      9%         N/A       24%         3

Inventory:

Magical Staves
 l - a staff of cold {!a}
Scrolls
 a - a scroll of teleportation {unknown}
 b - a scroll of magic mapping {unknown}
 c - a scroll of noise {unknown}
 d - a scroll of identify {unknown}
 f - a scroll of enchant weapon {unknown}
 k - a scroll of amnesia {unknown}
Potions
 e - 2 potions of heal wounds {unknown}
 h - 2 potions of degeneration {unknown}
 i - a potion of attraction {unknown}
 j - a potion of invisibility {unknown}

Dungeon Overview and Level Annotations

Branches:
Dungeon (3/15)

Altars:

Shops:
D:1

( .#...[....
.......... ..
......... ... ....
.[....... ... ...#
.#......# #.#....#
........# #.#....#.#
#.. #.# #.#....#.#
#....#)###........ .
.......{@)...........
......#.###.#...##.#
......#.##..........
.....##.###.#...##.
#. .......>........#
# ..
.#...##.###.#.#.# .#
#. (..
#.###.#.#.##.#####.
...................
................##.


There were no monsters in sight!


Message History

The orc is severely wounded.
You howl as the wereblood boils in your veins!
You constrict the orc, but do no damage.
The orc closely misses you.
You tentacle-slap the orc but do no damage.
The orc is severely wounded.
You constrict the orc. You barely miss the orc wizard.
Your grab misses the orc wizard.
You squeeze the orc wizard, but do no damage.
You constrict the orc, but do no damage.
The orc wizard misses you. The orc misses you.
You tentacle-slap the orc wizard but do no damage.
Your grab misses the orc wizard.
You howl as the wereblood boils in your veins!
You constrict the orc.
You feel a bit better.
You kill the orc!
The orc wizard hits you with a +0 dagger.
* * * LOW HITPOINT WARNING * * *
You closely miss the orc wizard. Your grab misses the orc wizard.
The orc wizard casts a spell.
The orc wizard flickers and vanishes!
Deactivating autopickup; reactivate with Ctrl-A.
You miss something. Something hits you.
* * * LOW HITPOINT WARNING * * *
You tentacle-slap something. You squeeze something. Something hits you.
* * * LOW HITPOINT WARNING * * *
You miss something.
Your transformation is almost over.
Something hits you.
You die...

Skill      XL: |  1  2  3 |
---------------+----------+-----
Transmutations | 3 4 |  4.3
Fighting       | |  1.6
Dodging        | |  2.0
Unarmed Combat | |  3.3
Spellcasting   | |  2.0

Action                   |  1- 3 |  4- 6 || total
-------------------------+-------+-------++-------
Melee: Unarmed           |    76 |    53 ||   129
       Constrict         |    22 |     7 ||    29
       Kick              |    13 |     5 ||    18
       Tentacles         |    16 |     6 ||    22
       Punch             |     1 |     2 ||     3
 Cast: Beastly Appendage |    11 |     2 ||    13
       Wereblood         |     1 |     1 ||     2
  Use: Potion            |       |     6 ||     6
 Stab: Sleeping          |     6 |       ||     6
Armor: Skin              |     8 |    14 ||    22
Dodge: Dodged            |    48 |    18 ||    66

Levels and vault maps discovered:
D:1:      dpeg_arrival_water_temple_mockup, layout_basic, serial_shops, shop,
          minmay_cupped
D:2:      layout_rooms, shapermc_ecumenical_altar_acropolis, uniq_robin
D:3:      layout_basic, mainiacjoe_overflow_boulevard, ebering_ghost_sewer_f,
          grunt_ministairs_8

Notes
Turn   | Place    | Note
-------+----------+-------------------------------------------
     0 | D:1      | Raultor the Octopode Transmuter began the quest for the
                  | Orb.
     0 | D:1      | Reached XP level 1. HP: 13/13 MP: 3/3
   122 | D:1      | Reached XP level 2. HP: 14/18 MP: 3/5
   231 | D:1      | Found Bukam's Antique Weapon Shop.
   276 | D:1      | Reached skill level 3 in Transmutations
   334 | D:1      | Reached XP level 3. HP: 10/23 MP: 4/6
   462 | D:1      | Learned a level 2 spell: Wereblood
  1310 | D:2      | Found a faded altar of an unknown god.
  1381 | D:2      | Noticed Robin
  1388 | D:2      | Reached skill level 4 in Transmutations
  1388 | D:2      | Reached XP level 4. HP: 17/28 MP: 5/7
  1395 | D:2      | Gained mutation: You have supernaturally acute eyesight.
                  | (SInv) [potion of mutation]
  1395 | D:2      | Lost mutation: You have supernaturally acute eyesight.
                  | (SInv) [potion of mutation]
  1395 | D:2      | Gained mutation: You are partially covered in iridescent
                  | scales. (AC +2) [potion of mutation]
  1405 | D:2      | HP: 3/42 [hobgoblin[Robin] (4)]
  1406 | D:2      | Killed Robin
  1755 | D:2      | Lost mutation: You are partially covered in iridescent
                  | scales. (AC +2) [potion of mutation]
  1755 | D:2      | Gained mutation: Your body sometimes deteriorates upon
                  | taking damage. [potion of mutation]
  1755 | D:2      | Gained mutation: You are partially covered in iridescent
                  | scales. (AC +2) [potion of mutation]
  1756 | D:2      | Lost mutation: Your body sometimes deteriorates upon taking
                  | damage. [potion of mutation]
  1756 | D:2      | Lost mutation: You are partially covered in iridescent
                  | scales. (AC +2) [potion of mutation]
  1756 | D:2      | Gained mutation: You are vulnerable to heat. (rF-) [potion
                  | of mutation]
  1757 | D:2      | Lost mutation: You are vulnerable to heat. (rF-) [potion of
                  | mutation]
  1757 | D:2      | Gained mutation: You are somewhat resistant to further
                  | mutation. [potion of mutation]
  1758 | D:2      | Lost mutation: You are somewhat resistant to further
                  | mutation. [potion of mutation]
  1758 | D:2      | Gained mutation: Your flesh is cold resistant. (rC+)
                  | [potion of mutation]
  1758 | D:2      | Gained mutation: You possess an exceptional clarity of
                  | mind. [potion of mutation]
  1758 | D:2      | Gained mutation: You have hidden genetic potential. [potion
                  | of mutation]
  1872 | D:3      | Learned a level 4 spell: Ice Form
  1889 | D:3      | HP: 2/28 [something (5)]
  1890 | D:3      | Slain by an orc wizard

Vanquished Creatures
  Robin (D:2)
  An adder (D:2)
  A gnoll (D:1)
  2 worms
  3 orcs (D:3)
  3 ball pythons
  5 bats
  4 endoplasms
  9 goblins
  11 hobgoblins
  5 kobolds
  5 quokkas
  2 frilled lizards
  A rat (D:1)
53 creatures vanquished.

Vanquished Creatures (others)
  4 fungi
4 creatures vanquished.

Grand Total: 57 creatures vanquished

Table legend: (Time is in decaauts)
 A = Elapsed time spent in this place.
 B = Non-inter-level travel time spent in this place.
 C = Inter-level travel time spent in this place.
 D = Time resting spent in this place.
 E = Time spent auto-exploring this place.
 F = Levels seen in this place.
 G = Mean time per level.
                   A        B        C        D        E       F      G
               +--------+--------+--------+--------+--------+-----+--------+
         Total |   1882 |   1845 |     37 |     72 |   1402 |   3 |  627.3 |
       Dungeon |   1882 |   1845 |     37 |     72 |   1402 |   3 |  627.3 |
               +--------+--------+--------+--------+--------+-----+--------+

Top non-repeatable levels by time:
     D:1: 1169 daAuts
     D:2: 594 daAuts
     D:3: 118 daAuts

Table legend:
 A = Non-vault XP
 B = Vault XP
 C = Vault XP percentage of total XP
 D = Non-vault monster count
 E = Vault monster count
 F = Vault count percentage of total count
                 A         B        C        D         E       F
            +---------+---------+-------+---------+---------+-------
      Total |     100 |      42 |  29.6 |      37 |      16 |  30.2
            +---------+---------+-------+---------+---------+-------
        D:1 |      53 |       5 |   8.6 |      23 |       3 |  11.5
        D:2 |      31 |      37 |  54.4 |       9 |      13 |  59.1
        D:3 |      16 |       0 |   0.0 |       5 |       0 |   0.0
            +---------+---------+-------+---------+---------+-------
